General information
			
			
        
        - name: BNet
 
        - type: Ladder team game (AT/RT)
 
        - host: Battle.net
 
        - saver: timg4strOK
 
        
map: CentaurGrove 
        - players: 4
 
        - length: 28:52
 
        - speed: Fast
 - version: 1.22 W3XP
 - replay type:  

 
» download(167 KB)
Players
        team 1 (winner) 
              
              
ripBALLER4LIFE (
teal | 51 APM | 1481 actions | 28:50)
              
 7 Death Knight 
 3 Death Coil
 1 Unholy Aura
 2 Death Pact
 1 Animate Dead
 
                » actions 
                
                | Assign group hotkey | 31 |  | 
| Build / train | 65 |  | 
| Enter build submenu | 17 |  | 
| Enter hero's abilities submenu | 7 |  | 
| Give item / drop item | 1 |  | 
| Remove unit from queue | 1 |  | 
| Right click | 665 |  | 
| Select / deselect | 475 |  | 
| Select group hotkey | 137 |  | 
| Use ability | 82 |  | 
                1481 total
 » units 
                
                | Acolyte | 2 |  | 
| Crypt Fiend | 13 |  | 
| Frost Wyrm | 11 |  | 
| Obsidian Statue | 2 |  | 
                28 total
 » upgrades
                
                | Creature Attack | 3 |  | 
| Creature Carapace | 3 |  | 
| Web | 1 |  | 
| Freezing Breath | 1 |  | 
| Destroyer Form | 1 |  | 
                9 total
 » buildings
                
                | Crypt | 3 |  | 
| Graveyard | 1 |  | 
| Ziggurat | 8 |  | 
| Altar of Darkness | 1 |  | 
| Tomb of Relics | 1 |  | 
| Halls of the Dead | 1 |  | 
| Black Citadel | 1 |  | 
| Sacrificial Pit | 1 |  | 
| Spirit Tower | 1 |  | 
| Nerubian Tower | 1 |  | 
| Boneyard | 3 |  | 
| Temple of the Damned | 1 |  | 
| Slaughterhouse | 1 |  | 
                24 total
 » build order
                00:09 Crypt
00:26 Graveyard
00:40 Ziggurat
00:55 Altar of Darkness
01:06 Ziggurat
01:13 Crypt
01:30 Crypt
01:35 Ziggurat
02:20 Ziggurat
02:43 Tomb of Relics
03:20 Halls of the Dead
04:52 Ziggurat
05:16 Ziggurat
05:16 Ziggurat
05:17 Ziggurat
06:09 Black Citadel
06:11 Sacrificial Pit
06:24 Spirit Tower
06:41 Nerubian Tower
08:35 Boneyard
08:36 Boneyard
08:37 Boneyard
15:00 Temple of the Damned
15:03 Slaughterhouse
» items
                
                | Potion of Healing | 6 |  | 
| Orb of Corruption | 1 |  | 
| Scroll of Town Portal | 6 |  | 
| Potion of Mana | 1 |  | 
                14 total
  
               
              
              
Rush4Hire (
red | 43 APM | 1251 actions | 28:50)
              
 3 Priestess of the Moon 
 2 Trueshot Aura
 1 Searing Arrows
 
                » actions 
                
                | Assign group hotkey | 1 |  | 
| Build / train | 20 |  | 
| ESC pressed | 2 |  | 
| Enter build submenu | 13 |  | 
| Enter hero's abilities submenu | 3 |  | 
| Give item / drop item | 1 |  | 
| Remove unit from queue | 6 |  | 
| Right click | 929 |  | 
| Select / deselect | 218 |  | 
| Select group hotkey | 34 |  | 
| Use ability | 24 |  | 
                1251 total
 » units 
                » buildings
                
                | Altar of Elders | 1 |  | 
| Moon Well | 1 |  | 
| Tree of Life | 4 |  | 
                6 total
 » build order
                00:03 Altar of Elders
00:05 Moon Well
13:08 Tree of Life
17:27 Tree of Life
25:57 Tree of Life
26:40 Tree of Life
 
               team 2 (loser) 
              
              
Iceberg-Slim (
orange | 163 APM | 4707 actions | 28:50)
              
 5 Keeper of the Grove 
 3 Entangling Roots
 2 Force of Nature
 5 Priestess of the Moon 
 3 Trueshot Aura
 2 Searing Arrows
 
                » actions 
                
                | Assign group hotkey | 37 |  | 
| Basic commands | 265 |  | 
| Build / train | 90 |  | 
| ESC pressed | 8 |  | 
| Enter build submenu | 23 |  | 
| Enter hero's abilities submenu | 10 |  | 
| Give item / drop item | 5 |  | 
| Remove unit from queue | 1 |  | 
| Right click | 1940 |  | 
| Select / deselect | 825 |  | 
| Select group hotkey | 1418 |  | 
| Use ability | 85 |  | 
                4707 total
 » units 
                
                | Wisp | 26 |  | 
| Huntress | 4 |  | 
| Archer | 21 |  | 
| Druid of the Talon | 6 |  | 
                57 total
 » upgrades
                
                | Improved Bows | 1 |  | 
| Nature's Blessing | 1 |  | 
| Strength of the Moon | 3 |  | 
| Moon Armor | 3 |  | 
| Druid of the Talon Training | 2 |  | 
| Marksmanship | 1 |  | 
                11 total
 » buildings
                
                | Altar of Elders | 1 |  | 
| Moon Well | 6 |  | 
| Hunter's Hall | 1 |  | 
| Ancient of War | 4 |  | 
| Ancient of Wonders | 1 |  | 
| Tree of Ages | 1 |  | 
| Ancient Protector | 3 |  | 
| Ancient of Wind | 2 |  | 
| Tree of Life | 4 |  | 
| Tree of Eternity | 1 |  | 
                24 total
 » build order
                00:05 Altar of Elders
00:19 Moon Well
01:43 Hunter's Hall
01:48 Ancient of War
01:58 Ancient of War
02:18 Moon Well
02:41 Ancient of Wonders
03:47 Moon Well
04:46 Tree of Ages
05:49 Ancient Protector
06:03 Ancient Protector
06:36 Moon Well
07:45 Ancient of Wind
08:34 Ancient of Wind
09:14 Tree of Life
10:03 Ancient of War
10:06 Ancient of War
12:23 Moon Well
13:51 Tree of Eternity
15:20 Tree of Life
19:31 Ancient Protector
20:26 Moon Well
21:09 Tree of Life
25:00 Tree of Life
» items
                
                | Dust of Appearance | 1 |  | 
| Lesser Clarity Potion | 2 |  | 
| Potion of Mana | 1 |  | 
| Staff of Preservation | 1 |  | 
| Scroll of Town Portal | 2 |  | 
| Potion of Lesser Invulnerability | 1 |  | 
                8 total
  
               
              
              
» 
timg4strOK (
yellow | 142 APM | 4103 actions | 28:52)
              
 5 Death Knight 
 3 Death Coil
 2 Unholy Aura
 5 Lich 
 3 Frost Nova
 2 Frost Armor
 
                » actions 
                
                | Assign group hotkey | 36 |  | 
| Basic commands | 100 |  | 
| Build / train | 60 |  | 
| Enter build submenu | 18 |  | 
| Enter hero's abilities submenu | 10 |  | 
| Give item / drop item | 8 |  | 
| Right click | 1686 |  | 
| Select / deselect | 325 |  | 
| Select group hotkey | 1766 |  | 
| Use ability | 94 |  | 
                4103 total
 » units 
                
                | Acolyte | 3 |  | 
| Ghoul | 2 |  | 
| Crypt Fiend | 14 |  | 
| Obsidian Statue | 8 |  | 
                27 total
 » upgrades
                
                | Burrow | 1 |  | 
| Creature Attack | 2 |  | 
| Web | 1 |  | 
| Destroyer Form | 1 |  | 
| Creature Carapace | 2 |  | 
                7 total
 » buildings
                
                | Graveyard | 1 |  | 
| Crypt | 1 |  | 
| Ziggurat | 6 |  | 
| Altar of Darkness | 1 |  | 
| Nerubian Tower | 1 |  | 
| Tomb of Relics | 1 |  | 
| Halls of the Dead | 1 |  | 
| Slaughterhouse | 2 |  | 
| Black Citadel | 1 |  | 
| Sacrificial Pit | 1 |  | 
| Spirit Tower | 1 |  | 
| Boneyard | 1 |  | 
                18 total
 » build order
                00:09 Graveyard
00:11 Crypt
00:17 Ziggurat
00:47 Altar of Darkness
01:42 Ziggurat
02:13 Nerubian Tower
03:12 Ziggurat
03:54 Tomb of Relics
04:45 Halls of the Dead
06:36 Ziggurat
07:42 Slaughterhouse
11:18 Black Citadel
11:20 Ziggurat
13:31 Sacrificial Pit
14:21 Spirit Tower
15:08 Boneyard
18:05 Ziggurat
20:29 Slaughterhouse
» items
                
                | Rod of Necromancy | 1 |  | 
| Scroll of Town Portal | 6 |  | 
| Orb of Corruption | 1 |  | 
| Scroll of Healing | 1 |  | 
                9 total
  
                Chat log
          (00:24 / All) Iceberg-Slim: gl hf
(00:27 / All) ripBALLER4LIFE: shh
(00:32 / All) Iceberg-Slim: manner
(00:35 / All) ripBALLER4LIFE: none
(00:39 / All) Iceberg-Slim: manner up please
(00:43 / All) ripBALLER4LIFE: whats manners
(00:48 / All) Iceberg-Slim: manner up please
(17:06 / All) ripBALLER4LIFE: archers imba
(17:10 / All) ripBALLER4LIFE: sad
(25:06 / All) Iceberg-Slim: gg
(25:10 / All) Iceberg-Slim: archers imba
(25:14 / All) Iceberg-Slim: bad manner = autoloss
(25:16 / All) ripBALLER4LIFE: they are
(25:18 / All) ripBALLER4LIFE: no loss here
(25:32 / All) ripBALLER4LIFE: i have  a secret
(25:35 / All) Iceberg-Slim: nice
(26:39 / All) Iceberg-Slim: if the game ends in a draw that will be somewhat suspect!
(26:49 / All) Rush4Hire: LIKE OMG!
(26:56 / All) Rush4Hire: s suspect!!
(26:58 / All) Rush4Hire: me ?
(27:01 / All) Iceberg-Slim: well gg, you guys don't have much skill compared to us anyways hoho
(27:10 / All) ripBALLER4LIFE: lol
(27:19 / All) ripBALLER4LIFE:  we fed in 2s
(27:21 / All) Iceberg-Slim: can learn from me young padawan
(27:23 / All) ripBALLER4LIFE: kill urelf
(27:27 / All) Iceberg-Slim: gg
(27:31 / All) Iceberg-Slim: you are now my apprentice
(27:35 / All) Iceberg-Slim: i will teach you the ways of the force
(27:46 / All) ripBALLER4LIFE: ill teach u ways too
(28:40 / All) ripBALLER4LIFE: gg
(28:42 / All) timg4strOK: gg
(28:43 / All) Iceberg-Slim: gg
(28:48 / All) Rush4Hire: LIKE OMG YELLOW WHAT ARE YOU DOING DONT TO